 Dungeon Crawl Stone Soup version 0.19.0-20-gbc5f0c6 (webtiles) character file.

7140 Karnivor the Geomancer (level 11, -3/63 HPs)
             Began as a Gargoyle Earth Elementalist on Nov 16, 2016.
             Was a Priest of Vehumet.
             Slain by a yak (12 damage)
             ... on level 1 of the Lair of Beasts on Nov 17, 2016.
             The game lasted 01:02:22 (15817 turns).

Karnivor the Geomancer (GrEE)                      Turns: 15817, Time: 01:02:28

Health: -3/63      AC: 13    Str: 12    XL:     11   Next: 10%
Magic:  18/21      EV: 13    Int: 19    God:    Vehumet [***...]
Gold:   620        SH:  0    Dex: 10    Spells: 4 memorised, 12 levels left

rFire  . . .     SeeInvis .     B - +3 morningstar (protect)
rCold  . . .     Gourm    +     c - +0 robe
rNeg   + . .     Faith    .     (no shield)
rPois  ∞         Spirit   .     (no helmet)
rElec  +         Reflect  .     (no cloak)
rCorr  .         Harm     .     K - +2 pair of gloves
MR     +....                    (no boots)
Stlth  ++........               i - amulet of the gourmand
                                H - ring of wizardry
                                q - ring of protection from magic

@: very slightly contaminated, repel missiles
A: negative energy resistance 1, electricity resistance, unbreathing,
petrification resistance, rot immunity, AC +7
a: Renounce Religion


You were on level 1 of the Lair of Beasts.
You worshipped Vehumet.
Vehumet was most pleased with you.
You were very full.

You visited 3 branches of the dungeon, and saw 11 of its levels.

You collected 620 gold pieces.

Inventory:

Hand Weapons
 B - a +3 morningstar of protection (weapon)
Missiles
 b - 288 stones (quivered)
Armour
 c - a +0 robe (worn)
 K - a +2 pair of gloves (worn)
Jewellery
 i - an amulet of the gourmand (around neck)
 q - a ring of protection from magic (left hand)
 H - a ring of wizardry (right hand)
Wands
 F - a wand of slowing (19/48)
 I - a wand of acid (9/15)
Scrolls
 a - a scroll of fear
 l - 5 scrolls of remove curse
 u - 2 scrolls of teleportation
 y - a scroll of silence
 N - a scroll of amnesia
 O - 3 scrolls of magic mapping
Potions
 k - a potion of flight
 r - a potion of cancellation {unknown}
 w - a potion of invisibility {unknown}
 z - a potion of haste {unknown}
Comestibles
 d - 5 bread rations
 f - a slice of pizza
 h - 4 fruits
 n - 3 meat rations
 s - 4 beef jerkies


   Skills:
 + Level 5.0 Fighting
 + Level 4.4 Maces & Flails
 - Level 5.3 Armour
 + Level 4.0 Dodging
 - Level 2.1 Stealth
 + Level 6.9 Spellcasting
 + Level 7.4 Conjurations
   Level 0.7 Transmutations
 * Level 4.2 Air Magic
 * Level 9.7 Earth Magic
 + Level 1.6 Evocations


You had 12 spell levels left.
You knew the following spells:

 Your Spells              Type           Power        Failure   Level  Hunger
a - Sandblast             Erth           #####.       1%          1    None
b - Stone Arrow           Conj/Erth      #####.       1%          3    #......
c - Lee's Rapid Deconstr  Erth           #####.....   1%          5    #####..
d - Repel Missiles        Chrm/Air       ##....       4%          2    None


Dungeon Overview and Level Annotations

Branches:
Dungeon (9/15)             Temple (1/1) D:4            Lair (1/6) D:9
    Orc: D:9-12

Altars:
Ashenzari
Cheibriados
Dithmenos
Elyvilon
Fedhas
Gozag
Hepliaklqana
Kikubaaqudgha
Makhleb
Nemelex Xobeh
Okawaru
Qazlal
Ru
Sif Muna
Trog
Vehumet
Xom
Yredelemnul
Zin
The Shining One

Shops:
D:6 [   D:8 %

Annotations:
D:7 Joseph; Pikel
D:8 Jatzack's ghost, novice MiFi
Lair:1 Gastronok


Innate Abilities, Weirdness & Mutations

You are resistant to torment.
Your stone body is resilient. (AC +7)
You are immune to poison.
You resist negative energy. (rN+)
You are resistant to electric shocks. (rElec)
You can survive without breathing.
You are immune to petrification.
You are immune to rotting.


Message History

Press: ? - help, Dir - move target cursor The wall shatters!
The blast of rock fragments hits the yak.
You kill the yak!
Vehumet accepts your kill.
Your Dodging skill increases to level 4!
The blast of rock fragments hits the yak.
You kill the yak!
Vehumet accepts your kill.
You feel your power returning.
Your Fighting skill increases to level 5!
The blast of rock fragments hits the yak.
The yak is severely wounded.
The blast of rock fragments hits the yak.
The yak is almost dead.
The blast of rock fragments hits the yak.
The yak is severely wounded.
You hear an angry hiss. x2
The yak gores you!
You die...

#####.#
#######.......
##....Y.# †Y..##.#
.Y####.# #†# #Y...#
### #Y# #.[#..Y..
##.########@#####..
Y###
##.............#
#.# #
#...#####..#..## .Y
##.## ####..# .#.
#.# #..# .#.# #.#
#..# #.# .... ##.#
w..#. #..# ...#


You could see Gastronok and 3 yaks.

Vanquished Creatures
  The ghost of Coron the Chopper, a novice DDAM of Okawaru (D:6)
  A troll (D:7)
  Sigmund (D:5)
  9 yaks
  Grum (D:8)
  3 water moccasins
  An orc warrior (D:6)
  3 ice beasts
  2 slaves
  3 sky beasts
  A phantom (D:5)
  8 ogres
  3 wolves (D:8)
  6 centaurs
  Blork the orc (D:5)
  6 bullfrogs
  A scorpion (D:6)
  4 killer bees (D:8)
  2 howler monkeys
  3 wights
  5 crimson imps
  2 centaur zombies
  6 hounds
  3 jellies
  6 orc wizards
  6 orc priests
  An iguana (D:7)
  8 worker ants
  Ijyb (D:2)
  A hound zombie (D:5)
  2 hound skeletons
  11 gnolls
  14 adders
  3 shadow imps
  An ooze (D:4)
  2 adder skeletons
  4 worms
  4 dart slugs
  6 leopard geckos
  41 orcs
  3 giant cockroaches (D:2)
  8 hobgoblins
  11 jackals
  3 quokkas
  4 bats
  11 frilled lizards
  2 gnoll zombies (D:9)
  6 goblins
  A jackal zombie (D:6)
  5 kobolds
  2 leopard gecko skeletons
  A leopard gecko zombie (D:5)
  A quokka skeleton (D:4)
  A quokka zombie (D:5)
  7 rats
253 creatures vanquished.

Vanquished Creatures (others)
  An orc wizard (D:8)
  A bat (D:2)
  A plant (Lair:1)
3 creatures vanquished.

Grand Total: 256 creatures vanquished

Notes
Turn   | Place    | Note
-------+----------+-------------------------------------------
     0 | D:1      | Karnivor the Gargoyle Earth Elementalist began the quest for the Orb.
     0 | D:1      | Reached XP level 1. HP: 10/10 MP: 3/3
   182 | D:1      | Reached XP level 2. HP: 3/15 MP: 0/5
   204 | D:1      | Reached skill level 4 in Earth Magic
   746 | D:1      | Reached XP level 3. HP: 15/19 MP: 6/6
   751 | D:1      | Learned a level 3 spell: Stone Arrow
  1318 | D:2      | Reached skill level 1 in Conjurations
  1466 | D:2      | Reached XP level 4. HP: 23/24 MP: 8/8
  1669 | D:2      | Noticed Ijyb
  1678 | D:2      | Killed Ijyb
  1779 | D:2      | Reached skill level 5 in Earth Magic
  1779 | D:2      | Reached XP level 5. HP: 21/28 MP: 9/9
  1792 | D:2      | Learned a level 5 spell: Lee's Rapid Deconstruction
  2924 | D:3      | Found a glowing golden altar of the Shining One.
  3651 | D:4      | Found a staircase to the Ecumenical Temple.
  3659 | Temple   | Entered the Ecumenical Temple
  3740 | Temple   | Became a worshipper of Vehumet
  4104 | D:4      | Reached XP level 6. HP: 17/32 MP: 1/11
  4599 | D:5      | Entered Level 5 of the Dungeon
  4599 | D:5      | Found a glowing silver altar of Zin.
  4630 | D:5      | Noticed Blork the orc
  4726 | D:5      | Killed Blork the orc
  4726 | D:5      | Reached skill level 6 in Earth Magic
  4726 | D:5      | Reached XP level 7. HP: 32/36 MP: 8/13
  4882 | D:5      | Found a faded altar of an unknown god.
  4882 | D:5      | Found an ancient bone altar of Kikubaaqudgha.
  4887 | D:5      | Found a faded altar of an unknown god.
  4889 | D:5      | Found a faded altar of an unknown god.
  4891 | D:5      | Found a faded altar of an unknown god.
  5562 | D:5      | Noticed Sigmund
  6320 | D:5      | Killed Sigmund
  6320 | D:5      | Reached skill level 5 in Spellcasting
  6320 | D:5      | Reached skill level 5 in Conjurations
  6320 | D:5      | Reached skill level 7 in Earth Magic
  6320 | D:5      | Reached XP level 8. HP: 41/41 MP: 11/15
  6855 | D:4      | Reached skill level 1 in Armour
  7092 | D:6      | Reached skill level 1 in Fighting
  7100 | D:6      | Reached skill level 1 in Maces & Flails
  7283 | D:6      | Found an opulent altar of Gozag.
  7289 | D:6      | Found Botuxaev's Antique Armour Boutique.
  7408 | D:6      | Reached * piety under Vehumet
  7408 | D:6      | Offered knowledge of Sting by Vehumet.
  7600 | D:6      | Learned a level 2 spell: Repel Missiles
  7689 | D:6      | Found an iron altar of Okawaru.
  7786 | D:6      | Noticed Coron's ghost (novice DDAM)
  8081 | D:6      | Reached XP level 9. HP: 42/49 MP: 17/17
  8107 | D:6      | Reached skill level 1 in Air Magic
  8240 | D:6      | Found a snail-covered altar of Cheibriados.
  9337 | D:6      | Found a sacrificial altar of Ru.
  9514 | D:7      | Noticed a troll
  9517 | D:7      | Noticed Joseph
  9518 | D:7      | Killed a troll
 10700 | D:6      | Killed Coron's ghost
 10700 | D:6      | Reached skill level 8 in Earth Magic
 10778 | D:7      | Reached skill level 5 in Armour
 11091 | D:7      | Reached XP level 10. HP: 55/56 MP: 3/19
 11547 | D:7      | Reached ** piety under Vehumet
 11558 | D:7      | Offered knowledge of Flame Tongue by Vehumet.
 11781 | D:7      | Got a slimy leather armour
 12050 | D:7      | Noticed Pikel
 13268 | D:8      | Found Lomomirchom's Food Shop.
 13312 | D:8      | Noticed Grum
 13332 | D:8      | Killed Grum
 13601 | D:8      | Noticed Jatzack's ghost (novice MiFi)
 13668 | D:8      | Reached skill level 9 in Earth Magic
 13923 | D:8      | Offered knowledge of Dazzling Spray by Vehumet.
 14052 | D:8      | Reached *** piety under Vehumet
 14424 | D:9      | Found a staircase to the Lair.
 14758 | D:9      | Found a basalt altar of Yredelemnul.
 15013 | D:9      | Reached skill level 1 in Evocations
 15413 | Lair:1   | Entered Level 1 of the Lair of Beasts
 15515 | Lair:1   | Offered knowledge of Throw Icicle by Vehumet.
 15662 | Lair:1   | Reached XP level 11. HP: 62/62 MP: 7/21
 15816 | Lair:1   | Noticed Gastronok
 15817 | Lair:1   | Reached skill level 5 in Fighting
 15817 | Lair:1   | Slain by a yak

Skill      XL: |  1  2  3  4  5  6  7  8  9 10 11 |
---------------+----------------------------------+-----
Earth Magic    | 4 5 6 7 8 9 |  9.7
Conjurations   | 1 2 3 5 6 7 |  7.4
Spellcasting   | 3 4 5 6 |  6.9
Armour         | 3 5 |  5.3
Fighting       | 2 3 4 5 |  5.0
Maces & Flails | 2 3 4 |  4.4
Dodging        | 2 3 4 |  4.0
Air Magic      | 2 4 |  4.2
Evocations     | 1 |  1.6
Stealth        | |  2.1
Transmutations | |  0.7

Action                   |  1- 3 |  4- 6 |  7- 9 | 10-12 || total
-------------------------+-------+-------+-------+-------++-------
Melee: Unarmed           |     5 |       |       |       ||     5
       Whip              |    54 |   187 |   301 |    97 ||   639
       Morningstar       |       |       |       |   248 ||   248
 Cast: Sandblast         |    24 |    10 |    21 |     2 ||    57
       Stone Arrow       |       |     5 |    44 |    58 ||   107
       Lee's Rapid Decon |       |       |    26 |    12 ||    38
       Repel Missiles    |       |       |       |     2 ||     2
  Use: Scroll            |     2 |     5 |    10 |     7 ||    24
       Potion            |       |       |       |     3 ||     3
 Stab: Sleeping          |     5 |     2 |       |     2 ||     9
       Distracted        |       |       |     1 |       ||     1
  Eat: Chunk             |     2 |    28 |    27 |    23 ||    80
Armor: Robe              |    22 |    62 |   136 |   161 ||   381
Dodge: Dodged            |    74 |   108 |   224 |   312 ||   718
       Deflected         |       |       |       |    10 ||    10
Block: Other             |     1 |       |       |       ||     1
